 Dungeon Crawl Stone Soup version 0.29-a0-973-gac7da5f7f0 (webtiles) character file.

Game seed: 4866607210510883911

498 Monkooky the Trooper (level 7, -2/78 HPs)
             Began as an Ogre Brigand on July 31, 2022.
             Was a Believer of Uskayaw.
             Killed by divine providence
             ... invoked by an orc priest
              (10 damage)
             ... on level 3 of the Dungeon.
             The game lasted 00:07:02 (4350 turns).

Monkooky the Trooper (Ogre Brigand)                 Turns: 4350, Time: 00:07:03

Health: -2/78      AC:  5    Str: 16    XL:     7   Next: 16%
Magic:  2/9        EV:  9    Int: 14    God:    Uskayaw [**....]
Gold:   162        SH:  0    Dex: 10    Spells: 6/6 levels left

rFire   + + .      SeeInvis .   m - +3 dagger
rCold   . . .      Faith    .   (no shield)
rNeg    . . .      Spirit   .   b - +0 robe
rPois   .          Reflect  .   y - +1 hat of Greed {rF++}
rElec   .          Harm     .   c - +0 cloak
rCorr   .          Rampage  .   (gloves unavailable)
Will    .....                   (boots unavailable)
Stlth   ++........              (no amulet)
HPRegen 0.23/turn               (no ring)
MPRegen 0.11/turn               (no ring)

@: no status effects
A: large, unfitting armour, tough skin 1
a: Renounce Religion, Stomp, Line Pass


You were on level 3 of the Dungeon.
You worshipped Uskayaw.
Uskayaw was noncommittal.
You visited 1 branch of the dungeon, and saw 4 of its levels.

You collected 162 gold pieces.

Inventory:

Hand Weapons
 a - a +2 dagger
 m - a +3 dagger (weapon)
Missiles
 d - 6 poisoned darts (quivered)
Armour
 b - a +0 robe (worn)
 c - a +0 cloak (worn)
 k - an orb of guile
 y - the +1 hat of Greed (worn) {rF++}
   (You found it on level 3 of the Dungeon)

   rF:        It greatly protects you from fire.
Jewellery
 o - a ring of fire
 x - a ring of protection from cold
Scrolls
 f - a scroll of butterflies
 h - 2 scrolls of summoning {unknown}
 q - a scroll of enchant armour
 t - a scroll of blinking
 w - a scroll of amnesia {unknown}
Potions
 g - 3 potions of curing {unknown}
 i - 4 potions of mutation {unknown}
 l - a potion of ambrosia {unknown}
 n - a potion of degeneration {unknown}
 p - a potion of brilliance {unknown}
 r - a potion of heal wounds {unknown}
 s - 2 potions of lignification {unknown}
 v - a potion of flight {unknown}


   Skills:
 + Level 7.2 Fighting
 - Level 3.6 Short Blades
 - Level 2.0 Throwing
 - Level 0.8 Dodging
 - Level 2.9 Stealth
 + Level 3.9 Invocations


You had 6 spell levels left.
You didn't know any spells.
Your spell library contained the following spells:

 Spells                   Type           Power      Damage    Failure   Level
 Call Canine Familiar     Summ           0%         N/A       65%         3
 Gell's Gravitas          Tloc           0%         N/A       65%         3
 Portal Projectile        Hex/Tloc       0%         N/A       65%         3
 Teleport Other           Tloc           0%         N/A       65%         3
 Leda's Liquefaction      Hex/Erth       0%         N/A       96%         4
 Dispersal                Tloc           0%         N/A       100%        6


Dungeon Overview and Level Annotations

Branches:
Dungeon (4/15)
 Temple: D:4-7

Altars:
Ru
Uskayaw

Annotations:
D:3 exclusion: downstairs


Innate Abilities, Weirdness & Mutations

You are too large for most types of armour.
You have tough skin. (AC +1)


Message History

The orc priest is moderately wounded.
You kill the wyvern!
You can no longer pass through a line of other dancers.
The orc priest hits you with a +0 falchion.
* * * LOW HITPOINT WARNING * * *
You can now pass through a line of other dancers.
Your Fighting skill increases to level 7!
You have reached level 7!
You don't have enough magic at the moment.
Unknown command.
You hit the orc priest but do no damage.
The orc priest is moderately wounded.
The orc priest hits you with a +0 falchion.
* * * LOW HITPOINT WARNING * * *
Unknown command.
You closely miss the orc priest.
The orc priest is moderately wounded.
The orc priest miscasts a cantrip.
You hit the orc priest but do no damage.
The orc priest is moderately wounded.
The orc priest hits you with a +0 falchion.
* * * LOW HITPOINT WARNING * * *
Unknown command.
You hit the orc priest.
The orc priest is heavily wounded.
The orc priest casts a cantrip, but nothing happens.
Okay, then.
You hit the orc priest.
The orc priest is heavily wounded.
The orc priest hits you with a +0 falchion.
* * * LOW HITPOINT WARNING * * *
Unknown command.
You hit the orc priest.
The orc priest is severely wounded.
Okay, then.
You hit the orc priest.
The orc priest is almost dead.
The orc priest mumbles some strange prayers to Beogh against you.
Beogh smites you!
You die...

..........#...#
#...# ##.....#
##.....######.#
#.#.# #.......
.#.....#..#...####
#.#.# ##.....#
.#..#..#..#......#
#.#.# ##...##
.≈.)#_.≈.....###.#
#.#.# ##.##
#########....# #.#
#l#.# #.#
.≈..#..≈.....#
#.###)#.######.#
.#[.#..#..#..#
#†#.o.......##.#
.#.....#..#..#
#@#.#).........#
##.....#######
#o#.#...[...####
..........#..#
#(..........#
..#####......#
###.#...(...# ...#
########
#.#.......# ##.#
#.........#
##.##########
##........#
(..........>#
#..#####.#
##.########.#
#..#####.#


You could see an orc priest.

Vanquished Creatures
  A wyvern (D:3)
  A sky beast (D:4)
  A black bear (D:3)
  An orc priest (D:3)
  4 gnolls
  An adder (D:2)
  A dart slug (D:1)
  3 orcs (D:3)
  6 endoplasms
  5 giant cockroaches
  9 goblins
  10 hobgoblins
  4 jackals (D:3)
  6 kobolds
  4 quokkas
  8 ball pythons
  4 bats (D:1)
  7 frilled lizards
  16 rats
92 creatures vanquished.

Vanquished Creatures (others)
  A plant (D:1)
1 creature vanquished.

Grand Total: 93 creatures vanquished

Notes
Turn   | Place    | Note
-------+----------+-------------------------------------------
     0 | D:1      | Monkooky the Ogre Brigand began the quest for the Orb.
     0 | D:1      | Reached XP level 1. HP: 22/22 MP: 1/1
    26 | D:1      | Reached skill level 3 in Fighting
   157 | D:1      | Reached XP level 2. HP: 30/32 MP: 2/2
   235 | D:1      | Reached skill level 4 in Fighting
   338 | D:1      | Reached XP level 3. HP: 34/40 MP: 3/3
   649 | D:1      | Reached skill level 5 in Fighting
  1251 | D:2      | Reached XP level 4. HP: 24/52 MP: 4/4
  1487 | D:2      | Reached skill level 6 in Fighting
  2170 | D:2      | Found a faded altar of an unknown god.
  2178 | D:2      | Prayed at the altar of an unknown god.
  2178 | D:2      | Became a worshipper of Uskayaw the Reveller
  2178 | D:2      | Reached * piety under Uskayaw
  2574 | D:3      | Found a sacrificial altar of Ru.
  2729 | D:3      | Reached XP level 5. HP: 51/61 MP: 5/5
  3247 | D:3      | Identified the +1 hat of Greed {rF++}
  3382 | D:4      | Noticed a sky beast
  3388 | D:4      | Reached ** piety under Uskayaw
  3395 | D:4      | Killed a sky beast
  3395 | D:4      | Reached *** piety under Uskayaw
  3404 | D:4      | Noticed a wyvern
  3415 | D:4      | Reached XP level 6. HP: 19/68 MP: 6/6
  3689 | D:4      | Noticed a black bear
  3697 | D:3      | Reached skill level 1 in Invocations
  3854 | D:3      | Killed a black bear
  4343 | D:3      | Killed a wyvern
  4344 | D:3      | Reached skill level 7 in Fighting
  4344 | D:3      | Reached XP level 7. HP: 17/78 MP: 1/9
  4350 | D:3      | Killed from afar by an orc priest

Illustrated notes

Levels and vault maps discovered:
D:1:      dpeg_arrival_ratfight, layout_basic, serial_bayou_pond_b,
          hangedman_decor_slide_cut
D:2:      layout_loops_ring, shapermc_ecumenical_altar_totnotflames,
          corexii_corridor_pit, minmay_pentomino_t4
D:3:      layout_loops_ring, hangedman_ru_absence
D:4:      layout_cave_pools, minmay_temple_entry_offerings

Skill      XL: |  1  2  3  4  5  6 |
---------------+-------------------+-----
Fighting       | 3 4 5 6 7 |  7.2
Short Blades   | 3 |  3.6
Invocations    | 3 |  3.9
Throwing       | |  2.0
Dodging        | |  0.8
Stealth        | |  2.9

Action                   |  1- 3 |  4- 6 |  7- 9 || total
-------------------------+-------+-------+-------++-------
Melee: Dagger            |   137 |   204 |     7 ||   348
       Punch             |       |     1 |       ||     1
Throw: Dart              |       |     7 |       ||     7
Invok: Line Pass         |       |     2 |       ||     2
       Stomp             |       |     1 |       ||     1
  Use: Scroll            |       |     5 |       ||     5
 Stab: Sleeping          |     4 |     5 |       ||     9
       Paralysed         |       |     1 |       ||     1
Armor: Robe              |    58 |    60 |       ||   118
Dodge: Dodged            |    60 |   112 |       ||   172

Table legend: (Time is in decaauts)
 A = Elapsed time spent in this place.
 B = Non-inter-level travel time spent in this place.
 C = Inter-level travel time spent in this place.
 D = Time resting spent in this place.
 E = Time spent auto-exploring this place.
 F = Levels seen in this place.
 G = Mean time per level.
                   A        B        C        D        E       F      G
               +--------+--------+--------+--------+--------+-----+--------+
         Total |   4322 |   4200 |    122 |    781 |   2697 |   4 | 1080.5 |
       Dungeon |   4322 |   4200 |    122 |    781 |   2697 |   4 | 1080.5 |
               +--------+--------+--------+--------+--------+-----+--------+

Top non-repeatable levels by time:
     D:3: 1486 daAuts
     D:1: 1402 daAuts
     D:2: 1375 daAuts
     D:4: 57 daAuts
